 Dungeon Crawl Stone Soup version 0.29.1-12-g30fa7ad0bf (webtiles) character file.

Game seed: 13136376753260164958

1171 KittyFluff the Cudgeller (level 8, -4/72 HPs)
             Began as a Gargoyle Berserker on Dec 25, 2022.
             Was a Priest of Trog.
             Slain by Duvessa
             ... wielding a +0 short sword
              (6 damage)
             ... on level 5 of the Dungeon.
             The game lasted 00:21:16 (5726 turns).

KittyFluff the Cudgeller (Gargoyle Berserker)       Turns: 5726, Time: 00:21:17

Health: -4/72      AC: 12    Str: 23    XL:     8   Next: 41%
Magic:  8/8        EV: 11    Int:  8    God:    Trog [***...]
Gold:   362        SH:  6    Dex:  9    Spells: 7/7 levels left

rFire   . . .      SeeInvis .   a - +0 mace
rCold   + . .      Faith    .   i - +2 buckler
rNeg    + . .      Spirit   .   c - +0 leather armour
rPois   ∞          Reflect  .   (no helmet)
rElec   +          Harm     .   n - +2 cloak {rCorr}
rCorr   +          Rampage  .   (no gloves)
Will    .....                   (no boots)
Stlth   ..........              (no amulet)
HPRegen 0.22/turn               l - ring of resist corrosion
MPRegen 0.11/turn               t - ring of protection from cold

@: berserking (expiring), very quick
A: sickness immunity, AC +5, negative energy resistance 1, electricity
resistance, torment resistance 1, petrification resistance
a: Renounce Religion, Berserk, Trog's Hand


You were on level 5 of the Dungeon.
You worshipped Trog.
Trog was most pleased with you.
You visited 1 branch of the dungeon, and saw 5 of its levels.

You collected 362 gold pieces.

Inventory:

Hand Weapons
 a - a +0 mace (weapon)
 m - a +0 sling
Missiles
 e - 2 atropa-tipped darts
 h - 62 stones
 r - 10 poisoned darts (quivered)
 z - 5 datura-tipped darts
 G - 2 javelins
Armour
 c - a +0 leather armour (worn)
 i - a +2 buckler (worn)
 n - a +2 cloak of preservation (worn)
 s - a +0 scale mail
Jewellery
 l - a ring of resist corrosion (left hand)
 t - a ring of protection from cold (right hand)
 B - a ring of flight
Wands
 g - a wand of quicksilver (9)
Scrolls
 b - a scroll of enchant armour {unknown}
 f - 2 scrolls of fear {unknown}
 q - a scroll of vulnerability {unknown}
 u - a scroll of magic mapping {unknown}
 w - a scroll of blinking {unknown}
 x - 2 scrolls of butterflies {unknown}
 y - a scroll of teleportation {unknown}
 D - a scroll of noise {unknown}
 F - a scroll of enchant weapon {unknown}
Potions
 d - 2 potions of heal wounds
 j - a potion of magic
 k - a potion of invisibility
 o - 2 potions of berserk rage
 p - a potion of curing {unknown}
 v - a potion of might {unknown}
 A - a potion of lignification {unknown}
 C - a potion of degeneration {unknown}
 E - a potion of ambrosia {unknown}
 H - a potion of attraction {unknown}
 I - a potion of mutation {unknown}


   Skills:
 + Level 4.6 Fighting
 * Level 7.2 Maces & Flails
 * Level 4.7 Armour
 + Level 3.0 Dodging
 + Level 2.1 Stealth
 * Level 3.7 Shields


You had 7 spell levels left.
You didn't know any spells.
Your spell library contained the following spells:

 Spells                   Type           Power      Damage    Failure   Level
 Ensorcelled Hibernation  Hex/Ice        0%         N/A       69%         2
 Passwall                 Tmut/Erth      0%         N/A       69%         2
 Swiftness                Air            0%         N/A       89%         3


Dungeon Overview and Level Annotations

Branches:
Dungeon (5/15)             Temple (0/1) D:5

Altars:
Ashenzari
Gozag
Uskayaw
Wu Jian

Annotations:
D:5 Duvessa


Innate Abilities, Weirdness & Mutations

You are immune to sickness and miasma.
Your stone body is resilient. (AC +5)
You are immune to poison.
You resist negative energy. (rN+)
You are resistant to electric shocks. (rElec)
You are resistant to unholy torment.
You are immune to petrification.


Message History

Duvessa hits you with a +0 short sword!
There is a stone staircase leading up here.
You hit Duvessa but do no damage. Duvessa hits you with a +0 short sword!
You barely miss Duvessa. Duvessa hits you but does no damage.
Duvessa hits you with a +0 short sword!
You barely miss Duvessa. Duvessa closely misses you.
Duvessa hits you but does no damage.
A red film seems to cover your vision as you go berserk!
You feel yourself moving faster!
You feel mighty! Duvessa hits you with a +0 short sword!
You sock Duvessa!
Duvessa is lightly wounded.
You block Duvessa's attack.
You barely miss Duvessa.
Duvessa is lightly wounded.
You block Duvessa's attack. x2
You barely miss Duvessa.
Duvessa is lightly wounded.
Duvessa hits you with a +0 short sword.
* * * LOW HITPOINT WARNING * * *
You sock Duvessa!
Duvessa is moderately wounded.
You thump Duvessa!
Duvessa is heavily wounded.
You block Duvessa's attack.
You closely miss Duvessa.
Duvessa is heavily wounded.
Duvessa hits you with a +0 short sword!
* * * LOW HITPOINT WARNING * * *
You sock Duvessa!
Duvessa is severely wounded.
You block Duvessa's attack.
You hit Duvessa but do no damage.
Duvessa is severely wounded.
Duvessa hits you with a +0 short sword.
* * * LOW HITPOINT WARNING * * *
You sock Duvessa!
Duvessa is almost dead.
Duvessa hits you with a +0 short sword.
You die...

.......#### ######.... ...
#..# )... ##..# ....# ## #..#
....# .###.### ...##
.......## #..###
.#.###..###########...#######
...# ##..)...>..@eo)..(.(.(..
.### #######################
.# .# .# .# .# .# ##


You could see Duvessa (berserk) and an orc.

Vanquished Creatures
  Sigmund (D:4)
  A sky beast (D:5)
  2 ogres (D:4)
  2 phantoms
  A bullfrog (D:4)
  2 scorpions
  Dowan (D:5)
  4 orc priests
  2 orc wizards
  2 iguanas
  8 adders
  An ufetubus (D:4)
  2 worms
  A dart slug (D:3)
  7 orcs
  3 ball pythons
  2 bats
  6 endoplasms
  3 giant cockroaches
  9 goblins
  9 hobgoblins
  4 jackals (D:1)
  10 kobolds
  4 quokkas
  3 frilled lizards
  4 rats
94 creatures vanquished.

Vanquished Creatures (others)
  5 toadstools (D:2)
5 creatures vanquished.

Grand Total: 99 creatures vanquished

Notes
Turn   | Place    | Note
-------+----------+-------------------------------------------
     0 | D:1      | KittyFluff the Gargoyle Berserker began the quest for the
                  | Orb.
     0 | D:1      | Reached XP level 1. HP: 14/14 MP: 1/1
   195 | D:1      | Reached XP level 2. HP: 17/19 MP: 2/2
   522 | D:1      | Reached XP level 3. HP: 10/24 MP: 3/3
   797 | D:1      | Found a faded altar of an unknown god.
  1006 | D:2      | Reached ** piety under Trog
  1007 | D:2      | Reached skill level 4 in Maces & Flails
  1364 | D:2      | Reached XP level 4. HP: 16/29 MP: 4/4
  2388 | D:3      | Found an opulent altar of Gozag.
  2446 | D:3      | Reached skill level 1 in Shields
  2446 | D:3      | Reached XP level 5. HP: 19/33 MP: 5/5
  3069 | D:3      | Found a hide-covered altar of Uskayaw.
  3218 | D:4      | Noticed a phantom
  3225 | D:4      | Killed a phantom
  3226 | D:4      | Reached XP level 6. HP: 38/38 MP: 6/6
  3288 | D:4      | Found an ornate altar of the Wu Jian Council.
  3354 | D:4      | Reached skill level 5 in Maces & Flails
  3853 | D:4      | Reached skill level 1 in Stealth
  3853 | D:4      | Reached XP level 7. HP: 43/43 MP: 7/7
  4052 | D:4      | Found a broken altar of Ashenzari.
  4468 | D:4      | Reached skill level 6 in Maces & Flails
  4763 | D:5      | Entered Level 5 of the Dungeon
  5130 | D:5      | Reached XP level 8. HP: 32/48 MP: 8/8
  5290 | D:5      | Reached *** piety under Trog
  5436 | D:5      | Found a staircase to the Ecumenical Temple.
  5561 | D:5      | Noticed Dowan
  5561 | D:5      | Noticed Sigmund
  5600 | D:4      | Killed Sigmund
  5601 | D:4      | Reached skill level 7 in Maces & Flails
  5705 | D:5      | Killed Dowan
  5707 | D:5      | Noticed Duvessa
  5725 | D:5      | HP: 2/72 [Duvessa/+0 short sword (5)]
  5726 | D:5      | Slain by Duvessa

Illustrated notes

Levels and vault maps discovered:
D:1:      heliophobic_arrival_enchanted_forest, layout_loops_cross,
          shapermc_ecumenical_altar_acropolis
D:2:      minmay_chambers_of_twos, layout_loops_ring, minmay_gold_behind_fungi
D:3:      layout_loops_corners, nicolae_uskayaw_murder_on_the_dancefloor,
          mainiacjoe_overflow_catwalk
D:4:      layout_basic, lemuel_coloured_pillars_altar,
          nicolae_wu_jian_wuxing_cycle, dk_noncrumbling_3
D:5:      layout_rooms, minmay_temple_entry_proselytizer, uniq_sigmund,
          uniq_duvessa

Skill      XL: |  1  2  3  4  5  6  7  8 |
---------------+-------------------------+-----
Maces & Flails | 4 5 6 7 |  7.2
Fighting       | 4 |  4.6
Shields        | 1 2 3 |  3.7
Armour         | 3 4 |  4.7
Dodging        | 2 3 |  3.0
Stealth        | 1 2 |  2.1

Action                   |  1- 3 |  4- 6 |  7- 9 || total
-------------------------+-------+-------+-------++-------
Melee: Mace              |    96 |   204 |   189 ||   489
Throw: Dart              |       |       |     2 ||     2
Invok: Berserk           |       |     3 |     2 ||     5
  Use: Scroll            |       |       |     4 ||     4
Armor: Animal skin       |    25 |       |       ||    25
       Leather armour    |    14 |    66 |    76 ||   156
Dodge: Dodged            |    48 |    91 |    76 ||   215
Block: Buckler           |     6 |    47 |    48 ||   101
